 Dungeon Crawl Stone Soup version 0.23.2-1-ga50397a (webtiles) character file.

Game seed: 2534857515533019955

175 sankara the Cudgeler (level 5, -4/46 HPs)
             Began as a Ghoul Monk on May 4, 2019.
             Killed by divine providence
             ... invoked by an orc priest
              (12 damage)
             ... on level 3 of the Dungeon.
             The game lasted 00:09:50 (2736 turns).

sankara the Cudgeler (Ghoul Monk)                   Turns: 2736, Time: 00:09:50

Health: -4/46      AC:  5    Str: 15    XL:     5   Next: 55%
Magic:  4/4        EV: 11    Int:  6    God:
Gold:   100        SH:  0    Dex: 11    Spells: 4/4 levels left

rFire    . . .     SeeInvis .   a - +0 mace
rCold    + . .     Gourm    .   (no shield)
rNeg     + + +     Faith    .   g - +0 ring mail
rPois    ∞         Spirit   .   (no helmet)
rElec    .         Reflect  .   (no cloak)
rCorr    +         Harm     .   (no gloves)
MR       .....                  (no boots)
Stlth    ++........             (no amulet)
HPRegen  0.00/turn              e - ring of stealth {Stlth+}
MPRegen  0.09/turn              i - ring of resist corrosion

@: rotting
A: rotting body, claws 1, carnivore, cold resistance 1, negative energy
resistance 3, inhibited regeneration, torment resistance, unbreathing
a: no special abilities


You were on level 3 of the Dungeon.
You were not hungry.

You visited 1 branch of the dungeon, and saw 3 of its levels.

You collected 100 gold pieces.

Inventory:

Hand Weapons
 a - a +0 mace (weapon)
 d - a +0 whip
   (You found it on level 1 of the Dungeon)
 l - a +0 hunting sling
   (You found it on level 1 of the Dungeon)
Missiles
 b - 167 stones (quivered)
 h - 26 sling bullets
Armour
 g - a +0 ring mail (worn)
   (You found it on level 1 of the Dungeon)
 u - a +0 pair of boots
   (You found it on level 3 of the Dungeon)
 y - a +0 leather armour
   (You took it off an orc priest on level 3 of the Dungeon)
Jewellery
 e - a ring of stealth (left claw) {Stlth+}
   (You found it on level 1 of the Dungeon)
 i - a ring of resist corrosion (right claw)
   (You found it on level 1 of the Dungeon)
 t - an uncursed amulet of rage {unknown}
   (You found it on level 3 of the Dungeon)
Wands
 p - a wand of clouds (5)
   (You found it on level 2 of the Dungeon)
Scrolls
 j - 3 scrolls of amnesia {unknown}
 k - 2 scrolls of fog {unknown}
 q - 2 scrolls of remove curse {unknown}
 r - a scroll of enchant weapon {unknown}
 w - a scroll of identify {unknown}
Potions
 m - 2 potions of curing {unknown}
 n - a potion of ambrosia {unknown}
 o - 2 potions of lignification {unknown}
 s - a potion of might {unknown}
 v - a potion of agility {unknown}
 x - a potion of degeneration {unknown}
Comestibles
 c - 5 rations
 f - 10 chunks of flesh {@w0}


   Skills:
 - Level 4.0 Fighting
 * Level 4.2 Maces & Flails
 + Level 1.8 Armour
 - Level 3.0 Dodging
 - Level 3.0 Stealth


You had 4 spell levels left.
You didn't know any spells.
Your spell library was empty.

Dungeon Overview and Level Annotations

Branches:
Dungeon (3/15)

Altars:
Dithmenos
Nemelex Xobeh
Trog
Uskayaw
Wu Jian


Innate Abilities, Weirdness & Mutations

Your body is rotting away.
You thrive on raw meat.
You are immune to poison.
You have sharp fingernails.
You are carnivorous and can eat meat at any time.
Your flesh is cold resistant. (rC+)
You are immune to negative energy. (rN+++)
You do not regenerate when monsters are visible.
You are immune to unholy pain and torment.
You can survive without breathing.


Message History

Things that are here:
a +0 leather armour; an orc corpse You butcher the orc corpse.
f - 5 chunks of flesh {@w0} (gained 2)
Things that are here:
a +0 leather armour; an orc skeleton
y - a +0 leather armour 2 orcs come into view.
Found an escape hatch in the ceiling.
Eat one of 5 chunks of flesh {@w0}? (ye/n/q)
You eat one of the 5 chunks of flesh {@w0}.
This raw flesh tastes great!
Eat one of 4 chunks of flesh {@w0}? (ye/n/q)
You eat one of the 4 chunks of flesh {@w0}.
This raw flesh tastes great!
The orc shouts!
An orc comes into view. It is wielding a +0 whip.
The orc barely misses you.
The orc shouts! x2
You hit the orc.
The orc is moderately wounded.
You hit the orc.
The orc is lightly wounded.
You barely miss the orc.
The orc is lightly wounded.
The orc hits you with a +0 whip. x2
You thump the orc!
You kill the orc!
You closely miss the orc.
The orc is moderately wounded.
The orc barely misses you. The orc hits you but does no damage.
You sock the orc!
You kill the orc!
You completely miss the orc. The orc hits you. x2
You closely miss the orc. The orc closely misses you.
You sock the orc!
You kill the orc!
No target in view!
No target in view!
Items here: )) ††† a +0 club; a +0 whip; an orc corpse x3
You butcher the orc corpse.
f - 6 chunks of flesh {@w0} (gained 3)
Items here: )) ÷ †† a +0 club; a +0 whip; an orc skeleton; an orc corpse x2
You butcher the orc corpse.
f - 10 chunks of flesh {@w0} (gained 4)
Items here: )) ÷÷ † a +0 club; a +0 whip; an orc skeleton x2; an orc corpse You butcher the orc corpse.
f - 11 chunks of flesh {@w0} (gained 1)
Items here: )) ÷÷÷ a +0 club; a +0 whip; an orc skeleton x3
An orc comes into view. It is wielding a +0 whip.
You see here a scroll labeled NESOAP VEM BOA.
The orc shouts!
The orc priest shouts!
The orc misses you.
You hit the orc but do no damage. The orc hits you but does no damage.
The orc hits you with a +0 whip. The orc priest barely misses you.
The orc priest hits you with a +0 flail.
You hit the orc priest.
The orc priest is moderately wounded.
The orc hits you with a +0 whip. The orc priest barely misses you.
The orc priest hits you but does no damage.
You hit the orc priest.
The orc priest is heavily wounded.
The orc closely misses you. The orc priest closely misses you.
The orc priest barely misses you.
You closely miss the orc priest.
The orc priest is heavily wounded.
The orc closely misses you. The orc priest hits you with a +0 club.
The orc priest hits you with a +0 flail!
The orc hits you with a +0 whip.
You hit the orc priest.
The orc priest is severely wounded.
The orc priest miscasts a cantrip.
The orc priest closely misses you. The orc misses you.
The orc closely misses you.
The orc priest looks satisfied for a moment.
You sock the orc!
You kill the orc!
The orc priest closely misses you.
The orc priest mumbles some strange prayers to Beogh against you.
Beogh smites you!
* * * LOW HITPOINT WARNING * * *
Things that are here:
a +0 whip; a +0 chain mail You hit the orc priest but do no damage.
The orc priest hits you but does no damage.
The orc priest barely misses you.
You hit the orc priest.
The orc priest is severely wounded.
The orc priest misses you.
The orc priest looks encouraged for a moment.
Eat one of 11 chunks of flesh {@w0}? (ye/n/q)
You eat one of the 11 chunks of flesh {@w0}.
This raw flesh tastes great!
The orc priest completely misses you.
The orc priest mumbles some strange prayers to Beogh against you.
Beogh smites you!
You die...

..............#
####..#.....
##.#.#...####.# #..######
.........####.# #..######
.###..........# #..>....#
.# ####.#####.# ##.####.#
.# #.#####.####### #.# #.#
.# #.............######.##
#.# .#
###.######oo...........##.#
.# #o# #@##.............#
.# #.# #.#####.#####.####
.# #.# #.# # #. .# #o# #.#
#. .# #.# #.# .. .# ####o#
#.### .. .# #.o..# #.#..
... .# #.#### #.#.# ##. .#
#.# #.#.#


You could see 2 orc priests.

Vanquished Creatures
  An orc priest (D:3)
  6 adders
  An ooze (D:2)
  An adder skeleton (D:3)
  A dart slug (D:2)
  2 leopard geckos (D:1)
  6 orcs (D:3)
  3 giant cockroaches
  7 goblins
  10 hobgoblins
  3 jackals
  A ball python (D:1)
  5 bats
  5 frilled lizards
  10 kobolds
  13 rats
  A bush (D:1)
76 creatures vanquished.

Notes
Turn   | Place    | Note
-------+----------+-------------------------------------------
     0 | D:1      | sankara the Ghoul Monk began the quest for the Orb.
     0 | D:1      | Reached XP level 1. HP: 19/19 MP: 0/0
    26 | D:1      | HP: 4/19 [kobold/+0 short sword (2)]
   150 | D:1      | Reached XP level 2. HP: 25/25 MP: 1/1
   223 | D:1      | Reached skill level 3 in Maces & Flails
   401 | D:1      | Reached XP level 3. HP: 24/31 MP: 2/2
  1023 | D:2      | Found a bloodstained altar of Trog.
  1213 | D:2      | Reached skill level 3 in Dodging
  1243 | D:2      | Found a hide-covered altar of Uskayaw.
  1330 | D:2      | Found a shadowy altar of Dithmenos.
  1412 | D:2      | Reached XP level 4. HP: 21/40 MP: 3/3
  1956 | D:3      | Reached skill level 1 in Armour
  1956 | D:3      | Reached skill level 3 in Stealth
  2017 | D:3      | HP: 9/40 [adder (3)]
  2023 | D:3      | HP: 8/40 [adder (1)]
  2029 | D:3      | HP: 6/40 [adder (1)]
  2038 | D:3      | Reached skill level 4 in Fighting
  2047 | D:3      | HP: 8/40 [orc/+0 dagger (4)]
  2051 | D:3      | HP: 3/40 [orc/+0 dagger (4)]
  2267 | D:3      | Reached XP level 5. HP: 39/46 MP: 4/4
  2462 | D:3      | Found an ornate altar of the Wu Jian Council.
  2497 | D:3      | Found a sparkling altar of Nemelex Xobeh.
  2667 | D:3      | Reached skill level 4 in Maces & Flails
  2733 | D:3      | HP: 5/46 [orc priest/divine providence (15)]
  2736 | D:3      | Killed from afar by an orc priest

Skill      XL: |  1  2  3  4  5 |
---------------+----------------+-----
Maces & Flails | 3 4 |  4.2
Dodging        | 3 |  3.0
Armour         | 1 |  1.8
Stealth        | 3 |  3.0
Fighting       | 4 |  4.0

Action                   |  1- 3 |  4- 6 || total
-------------------------+-------+-------++-------
Melee: Mace              |   228 |   160 ||   388
 Stab: Sleeping          |     6 |     7 ||    13
  Eat: Chunk             |    20 |    20 ||    40
Armor: Robe              |     6 |       ||     6
       Ring mail         |    41 |    59 ||   100
Dodge: Dodged            |   118 |   125 ||   243

Levels and vault maps discovered:
D:1:      minmay_arrival_semitransparent, layout_rooms, serial_bayou,
          serial_bayou_pond_d, serial_bayou_pond_b, serial_bayou_crossing,
          serial_bayou_pond_c, lexackson_kobold_supper
D:2:      layout_loops_cross, nicolae_overflow_hidden_temple, marbit_many_paths,
          old_standard_altar
D:3:      layout_loops_ring, lemuel_round_altar,
          nemelex_xobeh_ov_fountains_minmay

Table legend:
 A = Turns spent in this place as a percentage of turns spent in the entire game.
 B = Non-inter-level travel turns spent in this place as a percentage of non-inter-level travel turns spent in the entire game.
 C = Inter-level travel turns spent in this place as a percentage of turns spent in this place.
 D = Turns resting spent in this place as a percentage of non-inter-level travel turns spent in this place.
 E = Turns spent auto-exploring this place as a percentage of non-inter-level travel turns spent in this place.
 F = Non-inter-level travel turns spent in this place divided by the number of levels of this place that you've seen.
                   A       B       C       D       E      F
               +-------+-------+-------+-------+-------+----------------------
         Total | 100.0 | 100.0 |   3.6 |   8.6 |  53.8 | 879.3
       Dungeon | 100.0 | 100.0 |   3.6 |   8.6 |  53.8 | 879.3
               +-------+-------+-------+-------+-------+----------------------

Table legend:
 A = Kills in this place as a percentage of kills in entire the game.
 B = Kills by you in this place as a percentage of kills by you in the entire game.
 C = Kills by friends in this place as a percentage of kills by friends in the entire game.
 D = Other kills in this place as a percentage of other kills in the entire game.
 E = Experience gained in this place as a percentage of experience gained in the entire game.
 F = Experience gained in this place divided by the number of levels of this place that you have seen.
                   A       B       C       D       E      F
               +-------+-------+-------+-------+-------+----------------------
         Total | 100.0 | 100.0 |   N/A |   N/A | 100.0 |  83.7
       Dungeon | 100.0 | 100.0 |   N/A |   N/A | 100.0 |  83.7
               +-------+-------+-------+-------+-------+----------------------
